Map: Deathaura LE

Players

Lambo

  • Race: Zerg Zerg
  • Spawn Location: 5:00

Reynor - Winner!

  • Race: Zerg Zerg
  • League: Master
  • Spawn Location: 11:00

Event: DreamHack SC2 Masters 2020 Fall

VOD

Have the link to the VOD?

Description

Time

  • Played on: Aug. 26, 2020, 11:50 a.m.
  • Length: 9:27

All games in this series

Show
View Real Time Build Order
Export as new Build Order

Lambo Zerg 

Build Orders: Hatch First 

Get SALT Encoding   

  12  0:00  Drone  
  13  0:12  Overlord  
  13  0:17  Drone  
  14  0:30  Drone x2  
  16  0:47  Hatchery  
  15  0:50  Drone  
  15  0:55  Drone  
  17  0:59  Drone  
  18  1:09  Extractor  
  17  1:14  Spawning Pool  
  17  1:16  Drone  
  17  1:18  Drone  
  18  1:27  Drone  
  19  1:38  Drone  
  20  1:50  Drone  
  21  2:01  Queen x2  
  21  2:02  Overlord, Zergling x2  
  26  2:10  Metabolic Boost  
  26  2:11  Drone x2  
  28  2:22  Drone x2  
  30  2:33  Hatchery  
  30  2:35  Drone  
  30  2:40  Drone  
  30  2:42  Drone  
  32  2:45  Queen  
  34  2:53  Overlord  
  34  2:55  Drone  
  34  2:56  Drone  
  36  3:04  Roach Warren  
  35  3:07  Drone  
  36  3:14  Drone x2, Zergling x4  
  36  3:17  Zergling x2  
  41  3:21  Zergling x2  
  41  3:25  Overlord  
  41  3:26  Drone x2  
  44  3:30  Evolution Chamber  
  43  3:42  Overlord  
  43  3:46  Zergling x4  
  43  3:48  Roach x4  
  52  4:09  Drone x5  
  57  4:10  Drone  
  57  4:12  Lair  
  57  4:13  Drone  
  57  4:14  Drone x2  
  63  4:19  Extractor  
  63  4:22  Drone  
  63  4:23  Overlord  
  61  4:25  Drone  
  61  4:28  Zerg Missile Weapons Level 1  
  62  4:33  Drone x3  
  65  4:38  Drone  
  65  4:39  Overlord  
  65  4:42  Extractor  
  65  4:46  Drone x3  
  65  4:49  Drone  
  65  4:52  Drone x5, Extractor  
  72  5:03  Roach  
  74  5:07  Roach x3  
  74  5:13  Overlord  
  80  5:15  Glial Reconstitution, Overlord  
  80  5:17  Overlord x3  
  80  5:35  Roach x8  
  96  5:37  Roach  
  96  5:40  Roach  
  100  5:44  Roach x2  
  100  5:49  Roach x2  
  108  5:52  Hatchery  
  108  5:54  Roach x2  
  111  5:59  Roach x2  
  111  6:03  Roach x2  
  119  6:08  Overlord  
  119  6:09  Overlord  
  119  6:10  Overlord  
  120  6:28  Roach x9  
  120  6:31  Roach  
  135  6:33  Roach x3  
  135  6:39  Roach x2  
  131  6:43  Roach  
  129  6:49  Overlord  
  128  6:55  Overlord  
  128  6:57  Drone x2  
  128  6:58  Overlord  
  128  6:59  Zerg Missile Weapons Level 2  
  128  7:00  Extractor  
  129  7:05  Overlord  
  129  7:07  Overlord  
  135  7:15  Roach x3  
  135  7:16  Roach  
  135  7:22  Roach x4  
  139  7:25  Roach x2  
  143  7:31  Roach  
  143  7:32  Roach x3  
  151  7:37  Overlord  
  151  7:38  Roach  
  153  7:44  Overlord  
  153  7:49  Ravager  
  154  7:57  Roach  
  154  7:58  Roach x3  
  162  8:05  Roach x4  
  170  8:09  Roach  
  167  8:19  Roach  
  169  8:31  Overlord  
  169  8:33  Ravager  
  167  8:49  Roach x4  
  158  8:56  Roach x5  
  160  9:04  Roach  
Show
View Real Time Build Order
Export as new Build Order

Reynor Zerg - Winner!

Build Orders: Hatch First 

Get SALT Encoding   

  12  0:00  Drone  
  13  0:13  Overlord  
  13  0:17  Drone  
  14  0:31  Drone x2  
  16  0:48  Hatchery  
  15  0:52  Drone  
  15  0:56  Drone  
  17  0:58  Drone  
  18  1:10  Extractor  
  17  1:15  Spawning Pool  
  17  1:17  Drone  
  17  1:20  Drone  
  18  1:28  Drone  
  19  1:39  Drone  
  20  1:51  Drone  
  21  2:01  Queen, Overlord  
  21  2:02  Queen  
  21  2:03  Zergling x2  
  26  2:11  Metabolic Boost  
  26  2:12  Drone x2  
  28  2:22  Drone x2  
  30  2:34  Hatchery  
  30  2:36  Zergling x2  
  30  2:38  Drone  
  30  2:43  Drone  
  30  2:44  Drone  
  33  2:54  Overlord  
  33  2:56  Drone  
  34  3:01  Queen  
  34  3:02  Baneling Nest  
  34  3:05  Zergling x2  
  36  3:13  Zergling x2  
  36  3:14  Evolution Chamber, Zergling x2  
  36  3:15  Drone  
  36  3:16  Drone  
  36  3:18  Zergling x2  
  40  3:20  Drone  
  40  3:23  Drone  
  40  3:26  Overlord  
  42  3:30  Drone  
  43  3:35  Drone  
  44  3:44  Overlord  
  44  3:46  Drone x5  
  49  3:53  Zerg Ground Armor Level 1  
  49  3:56  Drone  
  49  3:57  Drone  
  51  4:09  Zergling x8  
  53  4:11  Extractor  
  53  4:13  Drone x6  
  53  4:14  Drone  
  59  4:24  Baneling x2  
  59  4:25  Zergling x4  
  59  4:27  Drone  
  59  4:30  Hatchery  
  61  4:33  Drone x2  
  61  4:35  Drone x2  
  65  4:40  Overlord  
  65  4:45  Roach Warren  
  64  4:46  Drone, Extractor x2  
  64  4:49  Drone x2  
  65  4:56  Overlord  
  65  4:58  Drone x5  
  70  5:02  Queen  
  70  5:06  Overlord  
  71  5:20  Overlord  
  71  5:25  Roach x8  
  71  5:26  Roach  
  89  5:28  Overlord  
  89  5:31  Overlord  
  89  5:35  Zergling x2  
  90  5:40  Zergling x2  
  90  5:41  Zergling x10  
  96  5:44  Overlord  
  96  5:47  Zergling x6  
  96  5:49  Ravager x5  
  104  5:53  Zergling x2  
  104  5:54  Zergling x8  
  104  5:55  Zergling x2  
  110  6:02  Ravager  
  110  6:03  Ravager, Zergling x2  
  110  6:04  Zergling x6  
  116  6:09  Ravager  
  117  6:11  Zergling x2  
  117  6:12  Zergling x6  
  117  6:15  Overlord  
  117  6:16  Zergling x2  
  122  6:18  Ravager  
  122  6:19  Zergling x2  
  122  6:20  Zergling x2  
  122  6:25  Zergling x6  
  128  6:32  Zergling x22  
  124  6:34  Zergling x2  
  124  6:35  Roach  
  108  6:45  Zergling x6  
  108  6:48  Drone, Lair  
  108  6:49  Zerg Missile Weapons Level 1  
  109  6:55  Drone x3  
  109  6:57  Baneling x2  
  109  6:58  Drone  
  113  7:05  Roach x2  
  113  7:07  Drone  
  118  7:11  Hatchery  
  118  7:13  Roach  
  119  7:18  Roach x4  
  119  7:20  Roach x3  
  119  7:22  Overlord  
  132  7:26  Roach x2  
  136  7:35  Overlord  
  136  7:36  Extractor  
  135  7:38  Zergling x2  
  135  7:40  Overlord  
  135  7:42  Roach x4  
  144  7:47  Glial Reconstitution  
  144  7:52  Overlord  
  144  7:54  Roach x4  
  152  8:05  Roach x5  
  158  8:15  Drone x3  
  158  8:16  Drone x4  
  158  8:17  Drone x2  
  153  8:20  Roach x6  
  153  8:21  Roach  
  153  8:24  Baneling x2  
  153  8:25  Roach x2  
  165  8:27  Roach  
  165  8:33  Roach x3  
  173  8:34  Extractor  
  173  8:35  Ravager  
  173  8:36  Overlord  
  173  8:37  Overlord  
  173  8:41  Ravager  
  174  8:42  Overlord  
  167  9:00  Roach x9, Zergling x2  
  167  9:01  Zergling x6  
  173  9:05  Roach x2  
  173  9:07  Ravager  

Tags
 
Add a new tag
Caveats
  • Supply blocks, unpowered buildings, or Contaminate may cause inaccurate times.
  • Supply counts are checked every 10 seconds.